 Dungeon Crawl Stone Soup version 0.29-a0-997-gf6f7e2dfe7 (webtiles) character file.

Game seed: 10599824466553256828

98 nickcage the Grasshopper (level 4, -2/22 HPs)
             Began as a Spriggan Warper on Aug 4, 2022.
             Slain by Crazy Yiuf
             ... wielding a +2 quarterstaff of chaos
              (7 damage)
             ... on level 2 of the Dungeon.
             The game lasted 00:12:36 (3808 turns).

nickcage the Grasshopper (Spriggan Warper)          Turns: 3808, Time: 00:12:37

Health: -2/22      AC:  2    Str:  7    XL:     4   Next: 44%
Magic:  9/9        EV: 16    Int: 16    God:
Gold:   112        SH:  5    Dex: 14    Spells: 4/9 levels left

rFire   . . .      SeeInvis +   e - +1 dagger (flame)
rCold   . . .      Faith    .   i - +0 buckler
rNeg    + . .      Spirit   .   b - +0 robe
rPois   .          Reflect  .   (helmet restricted)
rElec   .          Harm     .   (no cloak)
rCorr   .          Rampage  .   (gloves unavailable)
Will    .....                   (boots unavailable)
Stlth   +.........              (no amulet)
HPRegen 0.07/turn               h - ring of positive energy
MPRegen 0.11/turn               (no ring)

@: lethally poisoned (-2 -> -17), very quick
A: very small, no large weapons, unfitting armour, see invisible, speed 3
a: no special abilities


You were on level 2 of the Dungeon.
You visited 1 branch of the dungeon, and saw 2 of its levels.

You collected 112 gold pieces.

Inventory:

Hand Weapons
 a - a +0 short sword
 e - a +1 dagger of flaming (weapon)
Missiles
 d - 6 boomerangs of dispersal (quivered)
 o - a throwing net
Armour
 b - a +0 robe (worn)
 i - a +0 buckler (worn)
Jewellery
 h - a ring of positive energy (left hand)
Scrolls
 c - a scroll of blinking
 f - 3 scrolls of fog
 g - a scroll of identify {unknown}
 k - a scroll of enchant weapon {unknown}
 p - a scroll of magic mapping {unknown}
Potions
 j - 3 potions of curing {unknown}
 l - a potion of haste {unknown}
 m - a potion of flight {unknown}
 n - a potion of magic {unknown}


   Skills:
 - Level 1.5 Fighting
 + Level 4.5 Short Blades
 - Level 0.4(2.1) Long Blades
 - Level 1.0 Throwing
 - Level 3.2 Dodging
 - Level 3.0 Spellcasting
 + Level 5.1 Translocations


You had 4 spell levels left.
You knew the following spells:

 Your Spells              Type           Power      Damage    Failure   Level
a - Blink                 Tloc           36%        N/A       8%          2
b - Gell's Gravitas       Tloc           18%        N/A       14%         3

Your spell library contained the following spells:

 Spells                   Type           Power      Damage    Failure   Level
 Lesser Beckoning         Tloc           18%        N/A       14%         3
 Teleport Other           Tloc           18%        N/A       14%         3
 Manifold Assault         Tloc           18%        N/A       80%         5


Dungeon Overview and Level Annotations

Branches:
Dungeon (2/15)

Altars:

Annotations:
D:2 Crazy Yiuf


Innate Abilities, Weirdness & Mutations

You are very small and have problems with some larger weapons.
You are too small for most types of armour.
You have supernaturally acute eyesight. (SInv)
You cover ground extremely quickly. (Speed+++)


Message History

Crazy Yiuf screams, "Paint hand action!"
You open the door. You hit Crazy Yiuf but do no damage.
Crazy Yiuf hits you with a +2 quarterstaff of chaos.
You barely miss Crazy Yiuf.
Crazy Yiuf hits you with a +2 quarterstaff of chaos!
Ouch! That really hurt!
* * * LOW HITPOINT WARNING * * *
You partially resist.
You feel drained.
* * * LOW HITPOINT WARNING * * *
You start resting.
Crazy Yiuf is nearby!
You see here a +0 whip.
You see here a +0 dagger.
There is an open door here.
You start resting.
HP restored.
There is an open door here.
You see here a +0 dagger.
A bat comes into view.
You block the bat's attack. x2
You barely miss the bat. The bat misses you.
You hit the bat. You burn the bat.
You kill the bat!
Your life force feels restored.
No target in view!
Crazy Yiuf shouts!
Crazy Yiuf completely misses you.
You hit Crazy Yiuf. You burn Crazy Yiuf.
Crazy Yiuf is lightly wounded.
Crazy Yiuf hits you with a +2 quarterstaff of chaos!
Ouch! That really hurt!
You are lethally poisoned!
You are too injured to fight recklessly!
You are too injured to fight recklessly!
You hit Crazy Yiuf but do no damage.
Crazy Yiuf is lightly wounded.
* * * LOW HITPOINT WARNING * * *
You feel very sick.
Crazy Yiuf hits you with a +2 quarterstaff of chaos!
You die...

#.....######### #.
#.....#.......# #.
#########.....#.....#.# #.
........'.........###.# #.
.########........##8#.# #. .#
#.....#.##....# #. .#
#.....###.....# #. #####
#.....#8.g....# #. ###8###
#....##.@...#### ##
......########.....8#..##########
......#8###8#.....###..'.......).
.............[...## #..#####.####
###8#...........⌠# #### #......
#####............## #######......
#...##8###8#.....###..g.##......
##.###### ####.....8#.##.###.####
...# ##.....#.##§###.#


You could see Crazy Yiuf.

Vanquished Creatures
  2 gnolls (D:2)
  3 adders (D:2)
  A worm (D:2)
  4 endoplasms (D:1)
  2 giant cockroaches (D:1)
  3 goblins
  6 hobgoblins
  3 quokkas
  8 ball pythons
  8 bats
  3 frilled lizards (D:1)
  2 kobolds (D:1)
  7 rats
52 creatures vanquished.

Notes
Turn   | Place    | Note
-------+----------+-------------------------------------------
     0 | D:1      | nickcage the Spriggan Warper began the quest for the Orb.
     0 | D:1      | Reached XP level 1. HP: 10/10 MP: 5/5
    25 | D:1      | Found a faded altar of an unknown god.
   332 | D:1      | Reached XP level 2. HP: 14/14 MP: 6/6
   335 | D:1      | Learned a level 2 spell: Blink
   425 | D:1      | Reached skill level 5 in Translocations
  1018 | D:1      | Reached XP level 3. HP: 18/18 MP: 8/8
  2237 | D:2      | Reached XP level 4. HP: 5/22 MP: 9/9
  2477 | D:2      | Learned a level 3 spell: Gell's Gravitas
  3395 | D:2      | Found a runed translucent door.
  3396 | D:2      | Noticed Crazy Yiuf
  3808 | D:2      | Slain by Crazy Yiuf

Illustrated notes

Levels and vault maps discovered:
D:1:      eino_arrival_tree_alley, layout_loops_ring,
          nicolae_ecumenical_snake_handling,
          nicolae_concentric_dashed_squares_wild
D:2:      minmay_angry_zag, layout_basic, serial_corexii_hall,
          corexii_hall_statues_deadend, corexii_hall_statues_t,
          chequers_hall_statues_y, chequers_hall_statues_y,
          chequers_hall_statues_wall_a, corexii_hall_statues_deadend,
          uniq_crazy_yiuf_cottage, uniq_sigmund

Skill      XL: |  1  2  3 |
---------------+----------+-----
Translocations | 5 |  5.1
Spellcasting   | 3 |  3.0
Short Blades   | 3 4 |  4.5
Fighting       | |  1.5
Long Blades    | |  0.4
Throwing       | |  1.0
Dodging        | |  3.2

Action                   |  1- 3 |  4- 6 || total
-------------------------+-------+-------++-------
Melee: Short sword       |    43 |       ||    43
       Dagger            |   111 |    37 ||   148
Throw: Boomerang         |     1 |       ||     1
 Cast: Blink             |       |     1 ||     1
  Use: Scroll            |     1 |       ||     1
 Stab: Sleeping          |     6 |       ||     6
Armor: Robe              |    10 |     1 ||    11
Dodge: Dodged            |    97 |    26 ||   123
Block: Buckler           |    13 |     9 ||    22

Table legend: (Time is in decaauts)
 A = Elapsed time spent in this place.
 B = Non-inter-level travel time spent in this place.
 C = Inter-level travel time spent in this place.
 D = Time resting spent in this place.
 E = Time spent auto-exploring this place.
 F = Levels seen in this place.
 G = Mean time per level.
                   A        B        C        D        E       F      G
               +--------+--------+--------+--------+--------+-----+--------+
         Total |   3134 |   3127 |      7 |   1239 |   1421 |   2 | 1567.0 |
       Dungeon |   3134 |   3127 |      7 |   1239 |   1421 |   2 | 1567.0 |
               +--------+--------+--------+--------+--------+-----+--------+

Top non-repeatable levels by time:
     D:1: 1580 daAuts
     D:2: 1554 daAuts
